 Dungeon Crawl Stone Soup version 0.28-a0-247-gb8bfbab023 (webtiles) character file.

Game seed: 17398472792165202897

214 Tocho the Ruffian (level 5, 0/41 HPs)
             Began as a Draconian Transmuter on Aug 25, 2021.
             Slain by an orc wizard (2 damage)
             ... on level 4 of the Dungeon.
             The game lasted 00:04:04 (3000 turns).

Tocho the Ruffian (Draconian Transmuter)            Turns: 3000, Time: 00:04:05

Health: 0/41       AC:  5    Str: 13    XL:     5   Next: 59%
Magic:  5/8        EV: 12    Int: 13    God:
Gold:   123        SH:  0    Dex: 12    Spells: 5/8 levels left

rFire   . . .      SeeInvis .     - Unarmed
rCold   . . .      Faith    .   (no shield)
rNeg    . . .      Spirit   .   (armour unavailable)
rPois   .          Reflect  .   (helmet restricted)
rElec   .          Harm     .   (no cloak)
rCorr   .          Rampage  .   (no gloves)
Will    .....                   (no boots)
Stlth   +.........              (no amulet)
HPRegen 0.13/turn               (no ring)
MPRegen 0.11/turn               (no ring)

@: wereblooded
A: AC +5, unfitting armour, cold-blooded
a: no special abilities


You were on level 4 of the Dungeon.
You visited 1 branch of the dungeon, and saw 4 of its levels.

You collected 123 gold pieces.

Inventory:

Missiles
 j - a throwing net
Armour
 d - a +0 cloak
Wands
 e - a wand of paralysis (13)
Scrolls
 a - 4 scrolls of identify {unknown}
 f - a scroll of acquirement {unknown}
 i - a scroll of teleportation {unknown}
Potions
 b - a potion of cancellation {unknown}
 c - 2 potions of haste {unknown}
 g - a potion of might {unknown}
 h - a potion of magic {unknown}
 k - a potion of curing {unknown}


   Skills:
 * Level 2.1 Fighting
 * Level 2.7 Dodging
 + Level 0.6 Stealth
 * Level 5.1 Unarmed Combat
 + Level 2.4 Spellcasting
 + Level 2.3 Transmutations


You had 5 spell levels left.
You knew the following spells:

 Your Spells              Type           Power      Damage    Failure   Level
a - Beastly Appendage     Tmut           14%        N/A       10%         1
b - Wereblood             Tmut           7%         N/A       14%         2

Your spell library contained the following spells:

 Spells                   Type           Power      Damage    Failure   Level
 Spider Form              Tmut/Pois      2%         N/A       41%         3
 Call Canine Familiar     Summ           1%         N/A       58%         3
 Portal Projectile        Hex/Tloc       2%         N/A       58%         3
 Ice Form                 Ice/Tmut       4%         N/A       83%         4
 Leda's Liquefaction      Hex/Erth       0%         N/A       94%         4


Dungeon Overview and Level Annotations

Branches:
Dungeon (4/15)
 Temple: D:4-7

Altars:

Shops:
D:3 [


Innate Abilities, Weirdness & Mutations

Your plain brown scales are hard. (AC +5)
You cannot fit into any form of body armour.
You are cold-blooded and may be slowed by cold attacks.


Message History

The orc barely misses you.
You feel less confused.
The orc wizard gestures at you while chanting.
You are confused.
You hit the orc wizard.
The orc wizard is severely wounded.
The orc wizard hits you with a +0 dagger.
Your horns disappear.
Your talons disappear.
The orc wizard closely misses you.
You closely miss the orc wizard.
Your tail-slap misses the orc wizard.
The orc wizard is severely wounded.
The orc wizard casts a spell at you. The magic dart hits you!
The orc hits you from afar with a +0 trident.
You bump into the stone wall.
The orc wizard gestures wildly while chanting.
The orc wizard flickers and vanishes!
Deactivating autopickup; reactivate with Ctrl-A.
The orc hits you from afar with a +0 trident.
You closely miss something. You tail-slap something. Something hits you.
The orc hits you from afar with a +0 trident.
You're too confused to move!
Your primal bloodlust is almost over.
Something hits you.
The orc hits you from afar with a +0 trident.
You feel less confused. Something hits you but does no damage.
The orc closely misses you.
You barely miss something. Something hits you but does no damage.
The orc completely misses you.
You closely miss something.
The orc hits you from afar with a +0 trident.
* * * LOW HITPOINT WARNING * * *
Something hits you but does no damage. The orc hits you with a +0 trident!
* * * LOW HITPOINT WARNING * * *
There is an open door here.
Casting: Wereblood (safe; 14% risk of failure)
Confirm with . or Enter, or press ? or * to list all spells.
Your blood is freshly infused with primal strength!
Something hits you.
You die...

#. #. ... #. #.##.. #.
#.##.# #.## #.##.#
.#####..## ###.##.#
........o###.#.##.#
⌠..<..⌠Zoo@.....#.#########
........o##.............##.
.#####..###.....#.#####†#..
#.## ##.#.##.# #..## #+
#.#.##.# #.## #.#.##.# #.#
..#....# #.# ######## ##. #


You could see 4 orcs and a hound skeleton.

Vanquished Creatures
  A phantom (D:4)
  Crazy Yiuf (D:3)
  4 adders
  2 dart slugs (D:1)
  9 ball pythons
  8 endoplasms
  2 giant cockroaches
  10 goblins
  6 hobgoblins
  4 kobolds
  A quokka (D:4)
  7 bats
  6 frilled lizards
  7 rats
68 creatures vanquished.

Vanquished Creatures (others)
  2 fungi (D:2)
2 creatures vanquished.

Grand Total: 70 creatures vanquished

Notes
Turn   | Place    | Note
-------+----------+-------------------------------------------
     0 | D:1      | Tocho the Draconian Transmuter began the quest for the Orb.
     0 | D:1      | Reached XP level 1. HP: 16/16 MP: 3/3
   242 | D:1      | Reached XP level 2. HP: 23/23 MP: 5/5
   245 | D:1      | Learned a level 2 spell: Wereblood
  1018 | D:1      | Reached XP level 3. HP: 20/28 MP: 2/6
  1030 | D:2      | Reached skill level 4 in Unarmed Combat
  1191 | D:2      | Found a faded altar of an unknown god.
  1891 | D:3      | Found Xizoyl's Armour Shop.
  1956 | D:3      | Reached XP level 4. HP: 29/36 MP: 3/7
  2180 | D:3      | Found a runed translucent door.
  2181 | D:3      | Noticed Crazy Yiuf
  2375 | D:3      | Killed Crazy Yiuf
  2463 | D:4      | Noticed a phantom
  2490 | D:4      | Killed a phantom
  2491 | D:4      | Reached XP level 5. HP: 25/41 MP: 4/8
  2591 | D:4      | Reached skill level 5 in Unarmed Combat
  2999 | D:4      | HP: 2/41 [orc (8)]
  3000 | D:4      | Slain by an orc wizard

Illustrated notes

Levels and vault maps discovered:
D:1:      wander_arrival_chamber, layout_basic
D:2:      layout_rooms, shapermc_ecumenical_altar_acropolis, minmay_tromino_v2
D:3:      layout_loops_ring, serial_shops, shop, uniq_crazy_yiuf_cottage
D:4:      corexii_shack_village, layout_loops_ring, bloody_makhleb,
          grunt_ministairs_15, uniq_grinder

Skill      XL: |  1  2  3  4  5 |
---------------+----------------+-----
Unarmed Combat | 4 5 |  5.1
Dodging        | 2 |  2.7
Fighting       | 2 |  2.1
Stealth        | |  0.6
Spellcasting   | |  2.4
Transmutations | |  2.3

Action                   |  1- 3 |  4- 6 || total
-------------------------+-------+-------++-------
Melee: Unarmed           |   158 |    71 ||   229
       Tailslap          |    12 |    11 ||    23
       Kick              |     4 |     5 ||     9
       Punch             |     2 |       ||     2
       Headbutt          |     1 |     2 ||     3
 Cast: Wereblood         |     4 |     4 ||     8
       Beastly Appendage |     3 |     4 ||     7
 Stab: Sleeping          |       |     3 ||     3
Armor: Skin              |    63 |    21 ||    84
Dodge: Dodged            |   124 |    57 ||   181

Table legend: (Time is in decaauts)
 A = Elapsed time spent in this place.
 B = Non-inter-level travel time spent in this place.
 C = Inter-level travel time spent in this place.
 D = Time resting spent in this place.
 E = Time spent auto-exploring this place.
 F = Levels seen in this place.
 G = Mean time per level.
                   A        B        C        D        E       F      G
               +--------+--------+--------+--------+--------+-----+--------+
         Total |   2986 |   2890 |     96 |      0 |   2362 |   4 |  746.5 |
       Dungeon |   2986 |   2890 |     96 |      0 |   2362 |   4 |  746.5 |
               +--------+--------+--------+--------+--------+-----+--------+

Top non-repeatable levels by time:
     D:1: 1014 daAuts
     D:3: 895 daAuts
     D:2: 542 daAuts
     D:4: 533 daAuts
